AoeStats
← eyupfc

Arabia

510387889Analyzed
3v3 RM · 2d ago on Sep 30, 2026· 43m 5s· 6 players
Game mode
Random Map
Map size
Normal (6 player)
Population
200
Speed
Normal
Resources
Standard
Victory
Conquest
Starting age
Dark Age
Ending age
Imperial Age
RankedLock teamsTeams togetherTeam positionsShared explorationLock speedFull tech treeHidden civsTurbo modeCheats
Victory
Defeat
🇹🇷 Britons · Türkiye
1281
+11
🇹🇷 Persians · Türkiye
1211
+14
🇹🇷 Maya · Türkiye
1158
+17
🇹🇷 Mongols · Türkiye
1193
-15
1164
-14
🇩🇪 Danes · Germany
1146
-13
ChuckMawHinneyS
7:13 Loom
9:37 Feudal Age
10:24 Double-Bit Axe
18:14 Man-at-Arms
22:35 Castle Age
21:16 Fletching
21:51 Stone Mining
22:39 Horse Collar
23:13 Padded Archer Armor
23:25 Bodkin Arrow
25:17 Elite Skirmisher
34:44 Bow Saw
36:05 Leather Archer Armor
38:53 Wheelbarrow
38:36 Town Watch
39:20 Heavy Plow
40:18 Gold Mining
noziemann
6:18 Loom
10:59 Feudal Age
15:07 Padded Archer Armor
17:21 Castle Age
16:08 Double-Bit Axe
18:21 Squires
21:46 Horse Collar
24:14 Scale Mail Armor
25:31 Chain Mail Armor
29:53 Forging
31:49 Iron Casting
33:54 Arson
34:59 Gambesons
Pte. psiquiatrico en pañales
6:37 Loom
9:11 Feudal Age
9:36 Double-Bit Axe
15:06 Forging
21:05 Castle Age
19:24 Scale Barding Armor
20:04 Bloodlines
21:45 Bow Saw
22:53 Iron Casting
22:06 Horse Collar
26:32 Chain Barding Armor
28:30 Wheelbarrow
34:18 Hand Cart
39:55 Gold Mining
41:16 Gold Shaft Mining
isik.cemil
7:01 Loom
9:48 Feudal Age
10:18 Double-Bit Axe
13:52 Scale Barding Armor
20:02 Forging
19:55 Horse Collar
24:13 Castle Age
24:34 Bloodlines
28:05 Husbandry
eyupfc
0:27 Loom
10:26 Feudal Age
10:29 Man-at-Arms
12:16 Arson
13:25 Double-Bit Axe
16:22 Fletching
17:33 Wheelbarrow
22:34 Castle Age
22:28 Padded Archer Armor
22:20 Gold Mining
22:11 Horse Collar
22:37 Crossbowman
23:18 Bodkin Arrow
23:34 Bow Saw
25:06 Leather Archer Armor
25:25 Town Watch
26:06 Ballistics
35:37 Stone Mining
42:08 Imperial Age
41:26 Heavy Plow
42:32 Arbalester
43:13 Bracer
44:14 Two-Man Saw
KingMoonborn
8:44 Loom
11:02 Feudal Age
12:01 Double-Bit Axe
15:07 Fletching
15:20 Padded Archer Armor
15:48 Horse Collar
20:17 Wheelbarrow
23:44 Castle Age
22:08 Town Watch
23:57 Crossbowman
24:35 Bodkin Arrow
24:52 Bow Saw
28:35 Ballistics
29:03 Treadmill Crane
35:00 Hand Cart
41:38 Masonry
42:56 Murder Holes
45:42 Imperial Age
Connection lost

Rejoining the realm…

Still unreachable

The connection could not be restored.

Session expired

The server has moved on; the page needs a fresh start.